 Dungeon Crawl Stone Soup version 0.24-a0-779-g36f0aeb843 (webtiles) character file.

Game seed: 12319065436632306298, levelgen mode: deterministic

242 Dycilia the Covert (level 5, 0/26 HPs)
             Began as a Spriggan Assassin on Oct 8, 2019.
             Succumbed to Robin's poison
             ... on level 2 of the Dungeon.
             The game lasted 00:11:52 (2153 turns).

Dycilia the Covert (Spriggan Assassin)              Turns: 2153, Time: 00:11:53

Health: 0/26       AC:  3    Str:  7    XL:     5   Next: 82%
Magic:  6/6        EV: 17    Int: 13    God:
Gold:   124        SH:  0    Dex: 18    Spells: 4/4 levels left

rFire    . . .     SeeInvis +   a - +2 dagger
rCold    . . .     Gourm    .   (shield restricted)
rNeg     . . .     Faith    .   b - +0 robe
rPois    .         Spirit   .   (helmet restricted)
rElec    .         Reflect  .   c - +0 cloak
rCorr    .         Harm     .   (gloves unavailable)
MR       .....                  (boots unavailable)
Stlth    ++++......             (no amulet)
HPRegen  0.08/turn              (no ring)
MPRegen  0.10/turn              (no ring)

@: lethally poisoned (0 -> -8), very quick
A: very small, unfitting armour, see invisible, herbivore, speed 3, slow
metabolism 2
a: no special abilities


You were on level 2 of the Dungeon.
You were not hungry.

You visited 1 branch of the dungeon, and saw 2 of its levels.

You collected 124 gold pieces.

Inventory:

Hand Weapons
 a - a +2 dagger (weapon)
Missiles
 d - 7 poisoned darts (quivered)
 e - 2 curare-tipped darts
Armour
 b - a +0 robe (worn)
 c - a +0 cloak (worn)
Jewellery
 i - an uncursed amulet of harm {unknown}
 l - an uncursed ring of protection from cold {unknown}
Scrolls
 h - a scroll of teleportation {unknown}
 n - a scroll of magic mapping {unknown}
 o - a scroll of amnesia {unknown}
 p - a scroll of enchant armour {unknown}
 q - a scroll of fear {unknown}
Potions
 g - 2 potions of degeneration {unknown}
 j - a potion of heal wounds {unknown}
 k - a potion of agility {unknown}
 m - a potion of invisibility {unknown}
Comestibles
 f - 3 rations


   Skills:
 + Level 1.8 Fighting
 + Level 3.2 Short Blades
 * Level 3.2 Throwing
 + Level 2.2 Dodging
 + Level 9.1 Stealth


You had 4 spell levels left.
You didn't know any spells.
Your spell library was empty.

Dungeon Overview and Level Annotations

Branches:
Dungeon (2/15)

Altars:
Fedhas
Nemelex Xobeh

Annotations:
D:2 Robin


Innate Abilities, Weirdness & Mutations

You are very small and have problems with some larger weapons.
You are too small for most types of armour.
You have supernaturally acute eyesight. (SInv)
You are a herbivore.
You cover ground extremely quickly.
You need to consume almost no food.


Message History

You see here a stone.
* * * LOW HITPOINT WARNING * * *
You feel sick.
Robin roars a battlecry!
The goblin goes into a battle-frenzy!
You hear a shout!
* * * LOW HITPOINT WARNING * * *
You feel sick.
* * * LOW HITPOINT WARNING * * *
You feel sick.
The goblin shoots a stone.
The stone completely misses you.
You see here a stone.
* * * LOW HITPOINT WARNING * * *
You feel sick.
* * * LOW HITPOINT WARNING * * *
You feel sick.
* * * LOW HITPOINT WARNING * * *
You feel sick.
* * * LOW HITPOINT WARNING * * *
You feel sick.
You die...

#.##.#...(......g...#.#
#.†#)#.##############..
##.#>....).......# ###
#.....#.####.##.##
########..#.# #.##..#####
#.........#.# #.#........
#.####....#.# #.#(#.#####
#.####..#.#.# #..........
#.#.....#@#.# ####.#.#.##
#.#...###.#.# #.#<..#
#..[...†..#.# #.#..###
###...#####.#######.#.....
##### #.#.....#.##..##
#.#.###.#.....# ####.#.#
#.#####.## #......###.##
#..# #.##.###....# #..#


There were no monsters in sight!

Vanquished Creatures
  Sigmund (D:2)
  3 adders (D:2)
  An ooze (D:2)
  A worm (D:2)
  A dart slug (D:1)
  3 leopard geckos
  2 giant cockroaches
  6 goblins
  12 hobgoblins
  2 jackals (D:1)
  2 quokkas (D:2)
  3 ball pythons
  6 bats
  A frilled lizard (D:1)
  4 kobolds
  10 rats
58 creatures vanquished.

Notes
Turn   | Place    | Note
-------+----------+-------------------------------------------
     0 | D:1      | Dycilia the Spriggan Assassin began the quest for the Orb.
     0 | D:1      | Reached XP level 1. HP: 10/10 MP: 2/2
   136 | D:1      | Reached skill level 6 in Stealth
   163 | D:1      | Reached XP level 2. HP: 14/14 MP: 3/3
   981 | D:2      | Reached XP level 3. HP: 15/18 MP: 4/4
  1052 | D:2      | Noticed Sigmund
  1102 | D:2      | Killed Sigmund
  1102 | D:2      | Reached skill level 8 in Stealth
  1102 | D:2      | Reached XP level 4. HP: 23/23 MP: 5/5
  1102 | D:2      | Reached XP level 5. HP: 26/26 MP: 6/6
  1187 | D:2      | Found a sparkling altar of Nemelex Xobeh.
  1187 | D:2      | Found a blossoming altar of Fedhas.
  1508 | D:2      | Identified the +4 helmet "Zoudacugim" {Dex+2}
  1508 | D:2      | Noticed Robin
  1512 | D:2      | Reached skill level 9 in Stealth
  2151 | D:2      | HP: 1/26 [poisoned by Robin]
  2153 | D:2      | Succumbed to Robin's poison

Levels and vault maps discovered:
D:1:      lightli_molten_gateway, layout_loops_ring
D:2:      layout_basic, chequers_temple_overflow_statue_of_worship, uniq_robin,
          uniq_sigmund

Skill      XL: |  1  2  3  4  5 |
---------------+----------------+-----
Stealth        | 6 8 9 |  9.1
Short Blades   | 3 |  3.2
Throwing       | 3 |  3.2
Dodging        | 2 |  2.2
Fighting       | |  1.8

Action                   |  1- 3 |  4- 6 || total
-------------------------+-------+-------++-------
Melee: Dagger            |    74 |    75 ||   149
Throw: Dart              |     1 |     1 ||     2
 Stab: Sleeping          |    13 |    12 ||    25
       Distracted        |       |     2 ||     2
Armor: Robe              |     5 |     7 ||    12
Dodge: Dodged            |    48 |    39 ||    87

Table legend:
 A = Non-vault XP
 B = Vault XP
 C = Vault XP percentage of total XP
 D = Non-vault monster count
 E = Vault monster count
 F = Vault count percentage of total count
                 A         B        C        D         E       F
            +---------+---------+-------+---------+---------+-------
      Total |     129 |     218 |  62.8 |      52 |       6 |  10.3
            +---------+---------+-------+---------+---------+-------
        D:1 |      37 |       0 |   0.0 |      22 |       0 |   0.0
        D:2 |      92 |     218 |  70.3 |      30 |       6 |  16.7
            +---------+---------+-------+---------+---------+-------
